 Dungeon Crawl Stone Soup version 0.20-a0-513-g02c11fc (webtiles) character file.

142 M4edhros the Vandal (level 5, -2/37 HPs)
             Began as a Formicid Arcane Marksman on Jan 23, 2017.
             Slain by M4edhros's ghost (7 damage)
             ... on level 3 of the Dungeon.
             The game lasted 00:02:27 (2094 turns).

M4edhros the Vandal (Formicid Arcane Marksman)      Turns: 2094, Time: 00:02:28

Health: -2/37      AC:  2    Str: 14    XL:     5   Next: 50%
Magic:  6/6        EV: 12    Int: 13    God:
Gold:   128        SH:  0    Dex: 12    Spells: 5/6 levels left

rFire    . . .     SeeInvis +   a - +0 hunting sling
rCold    . . .     Gourm    .   e - +0 robe
rNeg     . . .     Faith    .   (no shield)
rPois    .         Spirit   .   (helmet unavailable)
rElec    .         Reflect  .   (no cloak)
rCorr    .         Harm     .   (no gloves)
MR       .....                  (no boots)
Stlth    ..........             (no amulet)
Regen    0.2/turn               (no ring)
                                m - ring of loudness (curse)

@: glowing
A: permanent stasis, dig shafts and tunnels, four strong arms, antennae 3
a: Dig, Shaft Self


You were on level 3 of the Dungeon.
You were not hungry.

You visited 1 branch of the dungeon, and saw 3 of its levels.

You collected 128 gold pieces.

Inventory:

Hand Weapons
 a - a +0 hunting sling (weapon)
Missiles
 d - 24 sling bullets (quivered)
 i - 29 stones
Armour
 e - a +0 robe (worn)
Jewellery
 m - a cursed ring of loudness (left hand)
Scrolls
 b - 2 scrolls of blinking
 g - 2 scrolls of fog
 n - a scroll of identify
Potions
 j - a potion of heal wounds
Books
 c - a book of Debilitation

   Spells                             Type                      Level
   a - Corona                         Hexes                        1
   b - Slow                           Hexes                        2
   c - Gell's Gravitas                Hexes/Translocation          3
   d - Inner Flame                    Hexes/Fire                   3
   e - Cause Fear                     Hexes                        4
   f - Leda's Liquefaction            Hexes/Earth                  4
Comestibles
 f - 2 bread rations
 k - a meat ration


   Skills:
 - Level 1.1 Fighting
 + Level 5.8 Slings
 - Level 1.7 Dodging
 - Level 1.1 Spellcasting
 - Level 3.6 Hexes


You had 5 spell levels left.
You knew the following spells:

 Your Spells              Type           Power        Failure   Level  Hunger
a - Corona                Hex            ##.....      10%         1    ##.....


Dungeon Overview and Level Annotations

Branches:
Dungeon (3/15)

Altars:
The Shining One

Annotations:
D:3 M4edhros's ghost, amateur FoAM


Innate Abilities, Weirdness & Mutations

You cannot be hasted, slowed, berserked, paralysed or teleported.
You can dig through walls and to a lower floor.
Your four strong arms can wield two-handed weapons with a shield.
You have a pair of large antennae on your head. (SInv)


Message History

Firing (i - inventory. (,) - cycle):
d - 27 sling bullets (quivered)
Press: ? - help, Shift-Dir - straight line, f/p - M4edhros's ghost
Aim: M4edhros's ghost (heavily damaged)
You shoot a sling bullet. The sling bullet hits M4edhros's ghost!
M4edhros's ghost is severely damaged.
M4edhros's ghost hits you.
* * * LOW HITPOINT WARNING * * *
M4edhros's ghost shouts, "What do you have that I didn't have?"
Firing (i - inventory. (,) - cycle):
d - 26 sling bullets (quivered)
Press: ? - help, Shift-Dir - straight line, f/p - M4edhros's ghost
Aim: M4edhros's ghost (severely damaged)
You shoot a sling bullet.
The sling bullet barely misses M4edhros's ghost.
Firing (i - inventory. (,) - cycle):
d - 25 sling bullets (quivered)
Press: ? - help, Shift-Dir - straight line, f/p - M4edhros's ghost
Aim: M4edhros's ghost (severely damaged)
You shoot a sling bullet.
The sling bullet barely misses M4edhros's ghost.
M4edhros's ghost hits you!
You die...

#.....<..#...
....####.#####.# ...
#.....#.# .. #...#.#.# .
.####.....#.#
...†.....###.#
.........###.# .
...........#.###### ..(
...######.....@W(.##.....
... #.........(.....(
....... #...........#...#
.......##...........# ##
#......##....####...#
#......##.....# #.....
#......##.)...# #......
......##.....# ####...
#......†..##### ....


You could see M4edhros's ghost.

Vanquished Creatures
  A scorpion (D:3)
  2 gnolls (D:1)
  3 adders
  An ooze (D:1)
  A worm (D:3)
  3 dart slugs
  A leopard gecko (D:2)
  8 bats
  4 giant cockroaches
  A goblin (D:2)
  5 hobgoblins
  5 kobolds
  A quokka (D:2)
  2 frilled lizards
  A quokka skeleton (D:3)
  2 rats
41 creatures vanquished.

Notes
Turn   | Place    | Note
-------+----------+-------------------------------------------
     0 | D:1      | M4edhros the Formicid Arcane Marksman began the quest for the Orb.
     0 | D:1      | Reached XP level 1. HP: 15/15 MP: 2/2
    92 | D:1      | Reached XP level 2. HP: 21/21 MP: 3/3
   132 | D:1      | Found a glowing golden altar of the Shining One.
   153 | D:1      | Reached skill level 3 in Slings
   200 | D:1      | Reached XP level 3. HP: 26/26 MP: 4/4
   954 | D:1      | Reached skill level 4 in Slings
  1146 | D:2      | Reached XP level 4. HP: 32/32 MP: 5/5
  1661 | D:3      | Reached skill level 5 in Slings
  1868 | D:3      | Reached XP level 5. HP: 28/37 MP: 6/6
  2076 | D:3      | Noticed M4edhros's ghost (amateur FoAM)
  2094 | D:3      | Slain by M4edhros's ghost

Vault maps used:
D:1:      mrwooster_arrival_arrow, tso_metal_star
D:3:      first_bread, guppyfry_early_orc_mine

Skill      XL: |  1  2  3  4 |
---------------+-------------+-----
Slings         | 3 4 5 |  5.8
Fighting       | |  1.1
Dodging        | |  1.7
Spellcasting   | |  1.1
Hexes          | |  3.6

Action                   |  1- 3 |  4- 6 || total
-------------------------+-------+-------++-------
Melee: Dagger            |    60 |       ||    60
 Fire: Hunting sling     |    34 |   150 ||   184
 Cast: Corona            |     2 |       ||     2
  Use: Scroll            |     4 |       ||     4
       Potion            |       |     3 ||     3
  Eat: Chunk             |       |     4 ||     4
Armor: Robe              |    32 |    10 ||    42
Dodge: Dodged            |    73 |    56 ||   129
